 Dungeon Crawl Stone Soup version 0.30-a0-373-gd37427bb62 (webtiles) character file.

Game seed: 12757721806591575297

142 Raultor the Changer (level 5, -3/33 HPs)
             Began as an Octopode Transmuter on Nov 23, 2022.
             Slain by an orc priest
             ... wielding a +0 falchion
              (8 damage)
             ... on level 2 of the Dungeon.
             The game lasted 00:06:54 (1897 turns).

Raultor the Changer (Octopode Transmuter)           Turns: 1897, Time: 00:06:55

Health: -3/33      AC:  1    Str: 11    XL:     5   Next: 25%
Magic:  8/8        EV: 13    Int: 15    God:
Gold:   32         SH:  0    Dex: 13    Spells: 2/8 levels left

rFire   . . .      SeeInvis .      - Unarmed
rCold   . . .      Faith    .    (no shield)
rNeg    . . .      Spirit   .    (helmet currently unavailable)
rPois   .          Reflect  .    (no amulet)
rElec   .          Harm     .    (no ring)
rCorr   .          Rampage  .    (no ring)
Will    .....                    (no ring)
Stlth   ++........               (no ring)
HPRegen 0.25/turn                (no ring)
MPRegen 0.11/turn                (no ring)
                                 (no ring)
                                 (no ring)

@: confused, appendages (expiring)
A: tentacle spike 3, almost no armour, amphibious, 8 rings, camouflage 1,
gelatinous body 1, (nimble swimmer 1), tentacles
a: End Transformation


You were on level 2 of the Dungeon.
One of your tentacles had grown a beastly spike.
You visited 1 branch of the dungeon, and saw 3 of its levels.

You collected 62 gold pieces.
You spent 30 gold pieces at shops.


Innate Abilities, Weirdness & Mutations

One of your tentacles has grown a beastly spike.
You cannot wear most types of armour.
You are amphibious.
You can wear up to eight rings at the same time.
Your skin changes colour to match your surroundings (Stealth+).
Your rubbery body absorbs attacks. (AC +1, EV +1)
((You are camouflaged when in or above water. (Stealth+)))
You have tentacles for arms and can constrict up to eight enemies at once.


   Skills:
 - Level 1.0 Fighting
 - Level 2.0 Dodging
 - Level 3.0 Unarmed Combat
 - Level 2.0 Spellcasting
 + Level 4.1 Transmutations
 * Level 3.6 Poison Magic


You had 2 spell levels left.
You knew the following spells:

 Your Spells              Type           Power      Damage    Failure   Level
b - Beastly Appendage     Tmut           26%        N/A       4%          1
s - Spider Form           Tmut/Pois      13%        N/A       14%         3
w - Wereblood             Tmut           13%        N/A       6%          2

Your spell library contained the following spells:

 Spells                   Type           Power      Damage    Failure   Level
 Stone Arrow              Conj/Erth      2%         3d7       54%         3
 Ice Form                 Ice/Tmut       7%         N/A       67%         4
 Lehudib's Crystal Spear  Conj/Erth      0%         10d2      100%        8
 Animate Armour           Summ/Erth      Unusable   N/A       N/A         4

Inventory:

Scrolls
 c - 2 scrolls of identify {unknown}
 e - 3 scrolls of teleportation {@r2}
 f - a scroll of silence {unknown}
 g - a scroll of fog {unknown}
 h - a scroll of immolation {unknown}
 j - a scroll of vulnerability {unknown}
 k - a scroll of noise {unknown}
 l - a scroll of acquirement {unknown}
Potions
 a - a potion of lignification
 b - 2 potions of heal wounds {unknown}
 d - a potion of mutation {unknown}
 i - 2 potions of curing {unknown}
 m - a potion of resistance {unknown}

Dungeon Overview and Level Annotations

Branches:
Dungeon (3/15)

Altars:
Ru

Shops:
D:2 : D:3

=?
#.###.#######..>#####
#.# #.# ###.#...## #.#
#.# ###.#.#..## #.#
#.# #.....##..# #.#
#.# #####.##..##▒.#
#.# #.#
#.....##......# #.#
#.###.###.###.▒.∩.▒###
#.#
#.##..........†.......
#.#
#.##.@####......▒..###
#.#
#....o####..###....#
#.#
#####.##.....###.###
#.# #.##.###.###.# #.#
#....#..)....# #.#
####.#...##### #.#
#.......#
#.##########.......#
#..........#.......#


You could see an orc priest.


Message History

You kill the orc!
The orc priest looks satisfied for a moment.
There is an escape hatch in the ceiling here.
The orc wizard shouts!
You tentacle-slap the orc. You grab the orc.
You pierce the orc.
You squeeze the orc.
You kill the orc!
The orc wizard gestures at you while chanting.
You are confused.
You're too confused to cast spells.
You're too confused to cast spells.
The orc priest invokes the aid of Beogh against you.
Pain shoots through your body!
* * * LOW HITPOINT WARNING * * *
A mysterious force pulls you upwards. The hatch slams shut behind you.
Reactivating autopickup.
You bump into the rock wall.
Your transformation is almost over.
The orc priest barely misses you.
You tentacle-slap the orc priest.
Your tentacle-slap misses the orc priest.
Your squeeze misses the orc priest.
The orc priest is moderately wounded.
The orc priest hits you with a +0 falchion.
* * * LOW HITPOINT WARNING * * *
The orc priest hits you with a +0 falchion!
* * * LOW HITPOINT WARNING * * *
You bump into the rock wall.
The orc priest hits you with a +0 falchion!
You die...

Skill      XL: |  1  2  3  4 |
---------------+-------------+-----
Transmutations | 3 4 |  4.1
Poison Magic   | 2 3 |  3.6
Fighting       | |  1.0
Dodging        | |  2.0
Unarmed Combat | |  3.0
Spellcasting   | |  2.0

Action                   |  1- 3 |  4- 6 || total
-------------------------+-------+-------++-------
Melee: Unarmed           |    64 |    82 ||   146
       Constrict         |    20 |    26 ||    46
       Tentacles         |    12 |    24 ||    36
       Punch             |     2 |     2 ||     4
       Kick              |     9 |    15 ||    24
 Cast: Beastly Appendage |     7 |    10 ||    17
       Wereblood         |     1 |     3 ||     4
 Stab: Sleeping          |     4 |     4 ||     8
Armor: Skin              |     6 |    12 ||    18
Dodge: Dodged            |    39 |    53 ||    92

Levels and vault maps discovered:
D:1:      scummos_arrival_checkerplants, layout_rooms, hex_intersection,
          chequers_serial_rivers_micro_b
D:2:      layout_loops_ring, basic_ecumenical_altar, serial_shops,
          nicolae_shop_stone
D:3:      minmay_general_purpose_star, layout_basic,
          mainiacjoe_overflow_catwalk, old_standard_altar, serial_shops, shop,
          shop, nicolae_shop_waterfront

Notes
Turn   | Place    | Note
-------+----------+-------------------------------------------
     0 | D:1      | Raultor the Octopode Transmuter began the quest for the
                  | Orb.
     0 | D:1      | Reached XP level 1. HP: 13/13 MP: 3/3
   129 | D:1      | Reached XP level 2. HP: 18/18 MP: 5/5
   133 | D:1      | Learned a level 2 spell: Wereblood
   138 | D:1      | Reached skill level 3 in Transmutations
   259 | D:1      | Reached XP level 3. HP: 21/23 MP: 6/6
   263 | D:1      | Learned a level 3 spell: Spider Form
   404 | D:1      | Reached skill level 1 in Poison Magic
   583 | D:2      | Found a faded altar of an unknown god.
   617 | D:2      | Reached skill level 2 in Poison Magic
   617 | D:2      | Reached XP level 4. HP: 22/28 MP: 5/7
   976 | D:2      | Found Woeh's Book Emporium.
  1415 | D:3      | Found Tuotecidi's Jewellery Boutique.
  1418 | D:3      | Found Zommou Nuveu's Magic Scroll Shop.
  1427 | D:3      | Reached skill level 3 in Poison Magic
  1428 | D:3      | Bought a scroll of teleportation for 30 gold pieces
  1466 | D:3      | Reached skill level 4 in Transmutations
  1570 | D:3      | Reached XP level 5. HP: 33/33 MP: 8/8
  1800 | D:3      | Found a sacrificial altar of Ru.
  1897 | D:2      | Slain by an orc priest

Vanquished Creatures
  A gnoll (D:1)
  6 adders
  2 dart slugs
  5 orcs (D:3)
  2 ball pythons
  8 bats
  4 endoplasms
  6 giant cockroaches
  4 goblins (D:1)
  2 hobgoblins (D:2)
  4 jackals (D:1)
  5 kobolds
  8 quokkas
  A frilled lizard (D:1)
  9 rats
67 creatures vanquished.

Table legend: (Time is in decaauts)
 A = Elapsed time spent in this place.
 B = Non-inter-level travel time spent in this place.
 C = Inter-level travel time spent in this place.
 D = Time resting spent in this place.
 E = Time spent auto-exploring this place.
 F = Levels seen in this place.
 G = Mean time per level.
                   A        B        C        D        E       F      G
               +--------+--------+--------+--------+--------+-----+--------+
         Total |   1888 |   1873 |     15 |     52 |   1323 |   3 |  629.3 |
       Dungeon |   1888 |   1873 |     15 |     52 |   1323 |   3 |  629.3 |
               +--------+--------+--------+--------+--------+-----+--------+

Top non-repeatable levels by time:
     D:2: 729 daAuts
     D:3: 602 daAuts
     D:1: 556 daAuts

Table legend:
 A = Non-vault XP
 B = Vault XP
 C = Vault XP percentage of total XP
 D = Non-vault monster count
 E = Vault monster count
 F = Vault count percentage of total count
                 A         B        C        D         E       F
            +---------+---------+-------+---------+---------+-------
      Total |     188 |      16 |   7.8 |      64 |       3 |   4.5
            +---------+---------+-------+---------+---------+-------
        D:1 |      61 |       0 |   0.0 |      26 |       0 |   0.0
        D:2 |      66 |       0 |   0.0 |      20 |       0 |   0.0
        D:3 |      61 |      16 |  20.8 |      18 |       3 |  14.3
            +---------+---------+-------+---------+---------+-------
